 Dungeon Crawl Stone Soup version 0.31.0-32-g396128a36d (webtiles) character file.

Game seed: 14829181414075402696

32284 Nimrod the Thaumaturge (level 13, -4/107 HPs)
             Began as a Demigod Conjurer on Apr 4, 2024.
             Constricted to death by Jorgrun (20 damage)
             ... on level 1 of the Orcish Mines.
             The game lasted 00:58:22 (19735 turns).

Nimrod the Thaumaturge (Demigod Conjurer)          Turns: 19735, Time: 00:58:23

Health: -4/107     AC: 10    Str:  8    XL:     13   Next: 2%
Magic:  8/31       EV: 15    Int: 32    God:
Gold:   424        SH: 11    Dex: 22    Spells: 23/32 levels left

rFire   + . .        e - +5 trident
rCold   + . .        a - +0 buckler
rNeg    + . .        W - +2 robe {Will+}
rPois   .            N - +2 hood of the Assassin {Detect Stab+ Stlth++}
rElec   .            g - scarf {rC+ rF+}
rCorr   .            V - +2 pair of gloves
SInv    .            k - +0 pair of boots
Will    ++...        X - amulet of reflection
Stlth   ++++++       r - +6 ring of dexterity
HPRegen 0.37/turn    H - ring of positive energy
MPRegen 0.22/turn

%: reflection
@: grasped by roots, constricted
A: high MP 1, forlorn, divine attributes
a: no special abilities


You were on level 1 of the Orcish Mines.
You visited 2 branches of the dungeon, and saw 13 of its levels.
You also visited: Ossuary and Ice Cave.

You collected 1012 gold pieces.
You spent 588 gold pieces at shops.

Inventory:

Hand Weapons
 e - a +5 trident (weapon)
 o - a +1 dagger of venom
Missiles
 I - a throwing net
 K - 21 poisoned darts
Armour
 a - a +0 buckler (worn)
 g - a scarf of resistance (worn)
 k - a +0 pair of boots (worn)
 p - a +0 leather armour of cold resistance
 N - the +2 hood of the Assassin (worn) {Detect Stab+ Stlth++}
   (You found it on level 6 of the Dungeon)

   Detect:    It allows the wearer to sense nearby creatures.
   Stab+:     It allows the wearer to make particularly effective stabbing
   attacks against helpless or unaware enemies with any weapon.
   Stlth++:   It makes you much more stealthy.
 V - a +2 pair of gloves (worn)
 W - a +2 robe of willpower (worn)
Magical Staves
 O - a staff of cold
Jewellery
 r - a +6 ring of dexterity (left hand)
 z - a ring of ice
 G - a ring of flight
 H - a ring of positive energy (right hand)
 M - a ring of ice
 X - an amulet of reflection (around neck)
Wands
 l - a wand of iceblast (6)
 u - a wand of light (6)
 Z - a wand of digging (2)
Scrolls
 c - a scroll of summoning
 h - 2 scrolls of blinking
 i - a scroll of silence
 n - 2 scrolls of immolation
 s - 5 scrolls of fog
 w - a scroll of vulnerability
 x - 2 scrolls of fear
 y - 4 scrolls of poison
 E - 3 scrolls of enchant armour
 F - a scroll of brand weapon
 J - 3 scrolls of enchant weapon
 Q - 2 scrolls of revelation
 T - a scroll of acquirement
 U - 2 scrolls of amnesia
Potions
 b - 3 potions of magic
 d - 7 potions of curing
 f - a potion of resistance {unknown}
 j - 2 potions of berserk rage {unknown}
 m - 4 potions of might
 t - 3 potions of cancellation
 v - a potion of lignification {unknown}
 A - 4 potions of enlightenment
 B - 2 potions of brilliance
 C - 2 potions of heal wounds
 D - 4 potions of attraction {unknown}
 L - a potion of degeneration {unknown}
 P - a potion of invisibility {unknown}
 R - 2 potions of haste {unknown}
 S - 6 potions of mutation {unknown}


   Skills:
 + Level 8.0 Fighting
 * Level 2.9 Armour
 + Level 8.2 Dodging
 - Level 6.0 Stealth
 + Level 5.9 Shields
 - Level 10.0 Spellcasting
 - Level 9.0 Conjurations
 - Level 6.0 Translocations
 - Level 6.0 Evocations


You had 23 spell levels left.
You knew the following spells:

 Your Spells              Type           Power      Damage    Failure   Level
a - Magic Dart            Conj           100%       1d8       1%          1
b - Searing Ray           Conj           100%       2d8       1%          2
c - Iskenderun's Mystic   Conj/Tloc      59%        2d12      1%          4
d - Blink                 Tloc           100%       N/A       1%          2

Your spell library contained the following spells:

 Spells                   Type           Power      Damage    Failure   Level
 Freeze                   Ice            64%        1d7       4%          1
 Summon Small Mammal      Summ           64%        N/A       4%          1
 Call Imp                 Summ           32%        N/A       7%          2
 Fulminant Prism          Conj/Alch      22%        3d12      7%          4
 Call Canine Familiar     Summ           16%        N/A       13%         3
 Animate Armour           Summ/Erth      32%        N/A       41%         4
 Olgreb's Toxic Radiance  Alch           16%        N/A       41%         4
 Summon Blazeheart Golem  Fire/Summ      16%        N/A       41%         4
 Summon Lightning Spire   Summ/Air       16%        N/A       41%         4
 Lee's Rapid Deconstruct  Erth           8%         3d7*      77%         5
 Ozocubu's Refrigeration  Ice            8%         4d9       100%        7
 Discord                  Hex            8%         N/A       100%        8


Dungeon Overview and Level Annotations

Branches:
Dungeon (12/15)            Temple (0/1) D:6            Lair (0/5) D:9
    Orc (1/2) D:12        Ossuary (visited)           IceCv (visited)

Shops:
D:4 !   D:12 (

Annotations:
D:5 2 transporters, ratatoskos's ghost, amateur DrAl
Orc:1 Jorgrun; Maurice


Innate Abilities, Weirdness & Mutations

You have an increased reservoir of magic. (+10% MP)
You shall have no god before yourself.
Your divine heritage dramatically boosts your attributes as you level up.


Message History

The mystic blast hits the rime drake!
The rime drake is almost dead.
The rime drake is knocked back by the mystic blast.
You feel yourself speed up. The ice encasing you melts away.
Jorgrun casts a spell at you.
Roots burst forth from the earth!
The grasping roots grab you! The grasping roots constrict you!!
* * * LOW HITPOINT WARNING * * *
Jorgrun struggles against the net.
You puncture the rime drake!
You kill the rime drake!
You block the orc warrior's attack.
Your Fighting skill increases to level 8!
Casting: Iskenderun's Mystic Blast (mildly dangerous; 1% risk of failure)
Confirm with . or Enter, or press ? or * to list all spells.
You erupt in a blast of force!
The mystic blast hits the orc warrior!
The orc warrior is almost dead.
The orc warrior is knocked back by the mystic blast.
Jorgrun is no longer moving slowly.
Aiming: Bolt of Light
Press: ? - help, Shift-Dir - straight line, f/p - Jorgrun
Aim: Jorgrun, wielding a +0 heavy quarterstaff and wearing a +1 robe (lightly wounded, entangled in a net, poisoned, 98% to hit)
The bolt of light hits Jorgrun!
Jorgrun is lightly wounded.
Jorgrun is blinded.
The grasping roots constrict you!
* * * LOW HITPOINT WARNING * * *
Jorgrun struggles against the net.
The net rips apart, and Jorgrun comes free!
Blink to where?
Press: ? - help, Dir - move target, p - Jorgrun You escape the roots grasp.
As you read the scroll of blinking, it crumbles to dust.
Jorgrun casts a spell at you.
Roots burst forth from the earth!
The grasping roots grab you! The grasping roots constrict you!!
You die...

....#...........#
...####..#g.....# .##*
###.....#.# #* ##..###.#
......##.# ######.#.##
##...## ** ###.....# **,
##.#..#@## ##* **,,
#.....#..# ##.####**,*,
##...#....###....K#*,,,*
#....#.##..#......*,{,,
*#...........#.#..##*,..
#..o#$........#....#....
##.##..h..........h....$
#####..................
##.#......gh.......##$


You could see Jorgrun, an orc knight (wandering) and a warg (wandering).

Vanquished Creatures
  A reaper (IceCv)
  Josephine (D:10)
  Harold (D:9)
  A hydra (D:10)
  The ghost of jaiteiro the Destroyer, a journeyman GnCj of Hepliaklqana (D:9)
  A centaur warrior (D:10)
  3 boulder beetles
  Erica (Orc:1)
  4 two-headed ogres
  Nergalle (D:10)
  Amaemon (D:9)
  A kobold blastminer (Orc:1)
  A cyclops (D:10)
  The ghost of thoas the Scratcher, a novice FeBe of Trog (D:7)
  2 ice statues (IceCv)
  3 unseen horrors
  An orange demon (D:9)
  2 rime drakes (Orc:1)
  8 kobold demonologists
  2 unseen horror zombies (D:9)
  6 ice devils (IceCv)
  4 trolls
  5 shadows
  A dire elephant simulacrum (IceCv)
  Sigmund (D:5)
  15 yaks
  4 wyverns
  6 wraiths
  Grum (D:10)
  A warg (Orc:1)
  12 vampire mosquitoes
  2 acid dragons (D:10)
  9 orc warriors
  A hydra simulacrum (IceCv)
  3 sky beasts
  2 black bears
  2 ice beasts
  2 ogres
  2 phantoms
  4 wolves
  8 centaurs
  3 kobold brigands
  A bullfrog (D:8)
  3 two-headed ogre simulacra (IceCv)
  2 scorpions (D:5)
  2 cane toad simulacra (IceCv)
  10 wights
  3 elephant simulacra (IceCv)
  25 killer bees
  4 howler monkeys
  3 electric eels (D:9)
  3 bullfrog zombies (Ossuary)
  A centaur zombie (D:9)
  3 hounds
  A jelly (D:7)
  3 bombardier beetles
  A gnoll bouda (D:5)
  7 orc priests
  3 iguanas
  3 sleepcaps
  13 orc wizards
  2 polar bear simulacra (IceCv)
  3 spriggan simulacra (IceCv)
  2 troll simulacra (IceCv)
  A wolf simulacrum (IceCv)
  4 crocodile zombies (Ossuary)
  3 hound zombies (Ossuary)
  6 mummies (Ossuary)
  2 howler monkey zombies
  12 gnolls
  8 adders
  2 naga simulacra (IceCv)
  3 white imps
  4 ufetubi
  A dart slug (D:3)
  7 ribbon worms
  68 orcs
  6 endoplasms
  6 giant cockroaches
  5 goblins
  11 hobgoblins
  12 jackals
  14 kobolds
  5 quokkas
  6 ball pythons
  4 ball python zombies (Ossuary)
  6 bats
  3 frilled lizards (D:2)
  2 goblin zombies (D:7)
  4 rats
434 creatures vanquished.

Vanquished Creatures (others)
  A rakshasa (D:10)
1 creature vanquished.

Grand Total: 435 creatures vanquished

Notes
Turn   | Place    | Note
-------+----------+-------------------------------------------
     0 | D:1      | Nimrod the Demigod Conjurer began the quest for the Orb.
     0 | D:1      | Reached XP level 1. HP: 14/14 MP: 5/5
   238 | D:1      | Reached skill level 2 in Spellcasting
   416 | D:1      | Reached XP level 2. HP: 10/22 MP: 0/7
   510 | D:1      | Learned a level 2 spell: Searing Ray
  1100 | D:2      | Reached XP level 3. HP: 27/27 MP: 1/9
  1765 | D:2      | Reached skill level 1 in Fighting
  2150 | D:2      | Reached XP level 4. HP: 35/35 MP: 7/10
  2155 | D:2      | Learned a level 4 spell: Iskenderun's Mystic Blast
  3233 | D:3      | Reached XP level 5. HP: 40/40 MP: 9/12
  3267 | D:3      | Reached skill level 1 in Translocations
  3842 | D:4      | Reached skill level 3 in Spellcasting
  4683 | D:4      | You fall into a shaft and drop 2 floors!
  4758 | D:5      | Entered Level 5 of the Dungeon
  4829 | D:4      | Found Nimpas's Distillery.
  4834 | D:4      | Bought a potion of might for 52 gold pieces
  4834 | D:4      | Bought a potion of brilliance for 52 gold pieces
  4834 | D:4      | Bought 2 potions of heal wounds for 130 gold pieces
  4834 | D:4      | Bought a potion of heal wounds for 65 gold pieces
  5119 | D:5      | Found a transporter.
  5121 | D:5      | Noticed a troll
  5121 | D:5      | Noticed ratatoskos's ghost (amateur DrAl)
  5122 | D:5      | Found a transporter.
  5122 | D:5      | Noticed an ice beast
  5127 | D:5      | Noticed a black bear
  5143 | D:5      | Killed a black bear
  5144 | D:5      | Reached XP level 6. HP: 48/48 MP: 4/14
  5314 | D:5      | Reached skill level 5 in Conjurations
  5579 | D:5      | Reached XP level 7. HP: 26/56 MP: 9/15
  5880 | D:5      | Reached skill level 4 in Spellcasting
  5885 | D:5      | Noticed Sigmund
  6009 | D:5      | Killed Sigmund
  6372 | D:6      | Noticed a yak
  6373 | D:6      | Noticed a yak
  6373 | D:6      | Noticed a yak
  6380 | D:6      | Killed a yak
  6381 | D:6      | Reached XP level 8. HP: 49/63 MP: 0/18
  6811 | D:6      | Found a staircase to the Ecumenical Temple.
  6917 | D:6      | Reached skill level 5 in Spellcasting
  7409 | D:6      | Found the +2 hood of the Assassin {Detect Stab+ Stlth++}
  7765 | D:7      | Reached skill level 5 in Translocations
  7769 | D:7      | Reached XP level 9. HP: 59/71 MP: 1/20
  8036 | D:7      | Found a sand-covered staircase.
  8064 | Ossuary  | Entered an ossuary
  9008 | D:7      | Found a runed translucent gate.
  9008 | D:7      | Found a runed translucent gate.
  9008 | D:7      | Noticed thoas's ghost (novice FeBe)
  9011 | D:7      | Found a runed translucent gate.
  9303 | D:7      | Reached skill level 6 in Spellcasting
  9472 | D:7      | Killed thoas's ghost
  9950 | D:8      | Reached skill level 5 in Dodging
  9950 | D:8      | Reached skill level 1 in Evocations
  9951 | D:8      | Reached XP level 10. HP: 55/80 MP: 7/23
 10702 | D:8      | Noticed a blizzard demon
 10938 | D:9      | Noticed a two-headed ogre
 10963 | D:9      | Killed a two-headed ogre
 11180 | D:9      | Reached skill level 5 in Fighting
 11180 | D:9      | Reached skill level 1 in Shields
 11183 | D:9      | Noticed Harold
 11412 | D:9      | Reached skill level 7 in Spellcasting
 11495 | D:9      | Killed Harold
 11991 | D:9      | Noticed Amaemon
 12014 | D:9      | Killed Amaemon
 12158 | D:9      | Got Sif Muna's Disquisition on the Wendigo
 12372 | D:9      | Reached XP level 11. HP: 70/88 MP: 7/26
 12518 | D:9      | Found a staircase to the Lair.
 12573 | D:10     | Entered Level 10 of the Dungeon
 12689 | D:9      | Found a runed translucent door.
 12691 | D:9      | Noticed jaiteiro's ghost (journeyman GnCj)
 12701 | D:9      | Identified the +7 battleaxe of Sizugg {venom, Will+ Dex+3}
 12707 | D:9      | Killed jaiteiro's ghost
 13165 | D:9      | Reached skill level 5 in Stealth
 13506 | D:10     | Noticed Josephine
 13523 | D:10     | Noticed a two-headed ogre
 13528 | D:10     | Killed Josephine
 13529 | D:10     | Reached skill level 8 in Spellcasting
 13549 | D:10     | Killed a two-headed ogre
 13653 | D:10     | Noticed Nergalle
 13661 | D:10     | Killed Nergalle
 13799 | D:10     | Noticed a two-headed ogre
 13945 | D:10     | Killed a two-headed ogre
 14478 | D:10     | Noticed a rakshasa
 14492 | D:10     | Noticed Grum
 14495 | D:10     | Killed a rakshasa
 14605 | D:10     | Killed Grum
 14613 | D:10     | Noticed a centaur warrior
 14632 | D:10     | Killed a centaur warrior
 14636 | D:10     | Noticed a six-headed hydra
 14765 | D:10     | Killed a six-headed hydra
 14897 | D:10     | Reached XP level 12. HP: 97/97 MP: 29/29
 14900 | D:10     | Learned a level 2 spell: Blink
 15131 | D:10     | Reached skill level 9 in Spellcasting
 15330 | D:11     | Noticed a boulder beetle
 15343 | D:11     | Killed a boulder beetle
 15727 | D:11     | Reached skill level 5 in Evocations
 16521 | D:11     | Reached skill level 5 in Shields
 17175 | D:12     | Noticed a boulder beetle
 17185 | D:12     | Killed a boulder beetle
 17262 | D:12     | Found Enu Itu's Antique Weapon Shoppe.
 17271 | D:12     | Bought an ebony flail for 289 gold pieces
 17271 | D:12     | Identified the +3 flail of Famine {antimagic, rC+ Dex+3}
                  | (You bought it in a shop on level 12 of the Dungeon)
 17296 | D:12     | Noticed a boulder beetle
 17305 | D:12     | Killed a boulder beetle
 17679 | D:12     | Reached skill level 10 in Spellcasting
 17746 | D:12     | Found a staircase to the Orcish Mines.
 17884 | Orc:1    | Entered Level 1 of the Orcish Mines
 17888 | Orc:1    | Noticed Maurice
 17888 | Orc:1    | Noticed Jorgrun
 18137 | Orc:1    | Identified a scroll of acquirement
 18193 | Orc:1    | Found a frozen archway.
 18196 | Orc:1    | Noticed Erica
 18199 | IceCv    | Entered an ice cave
 18557 | IceCv    | Reached skill level 1 in Armour
 18862 | IceCv    | Noticed a reaper
 18889 | IceCv    | Killed a reaper
 19707 | Orc:1    | Killed Erica
 19708 | Orc:1    | Reached XP level 13. HP: 50/107 MP: 15/31
 19735 | Orc:1    | Constricted to death by Jorgrun

Illustrated notes

Levels and vault maps discovered:
D:1:      dpeg_arrival_shrine, layout_basic, st_stairs_12,
          chequers_hall_statues_wall_a, grunt_decor_mini_mirrors
D:2:      kennysheep_six_static_rooms, layout_basic, basic_altar,
          columned_hall_lemuel, minmay_tree_intersection, minmay_octomino_c4
D:3:      layout_basic, nicolae_overflow_hallway_of_the_gods
D:4:      layout_gridville, nicolae_uskayaw_murder_on_the_dancefloor,
          serial_shops, shop, grunt_ministairs_5
D:5:      layout_rooms, lemuel_coloured_pillars_altar, gammafunk_ghost_arena,
          uniq_sigmund
D:6:      layout_loops_cross, kennysheep_little_box, temple_doors_cd
D:7:      layout_basic, gammafunk_ghost_split, enter_ossuary_4
D:8:      layout_basic, slow_altar_1, makhleb_altar_promises_db, special_room
          [special_room_orc]
D:9:      layout_basic, led_sif_book, erik_lair_island, serial_undead,
          serial_undead_d, serial_undead_a, serial_undead_f, serial_undead_f,
          ebering_ghost_inner_flame, st_stairs_8, uniq_harold, uniq_amaemon
D:10:     cheibrodos_fzero, layout_loops_ring, okawaru_trees_2,
          serial_bayou_pond_d, nicolae_titane, uniq_nergalle, uniq_grum,
          uniq_josephine
D:11:     layout_irregular_city
D:12:     layout_long_grid, hiddenorc1_lemuel, serial_shops,
          nicolae_shop_temple_entry_statues_fountains
Orc:1:    layout_caves, basic_altar, portal_ice_cave_rime, uniq_erica,
          uniq_maurice, uniq_jorgrun

Skill      XL: |  1  2  3  4  5  6  7  8  9 10 11 12 13 |
---------------+----------------------------------------+-----
Spellcasting   | 2 3 4 5 6 7 8 10 | 10.0
Dodging        | 2 3 4 5 6 8 |  8.2
Conjurations   | 4 5 6 7 8 9 |  9.0
Fighting       | 1 2 3 4 5 6 7 8 |  8.0
Translocations | 1 2 3 5 6 |  6.0
Stealth        | 2 3 4 6 |  6.0
Evocations     | 1 2 4 6 |  6.0
Shields        | 2 4 5 |  5.9
Armour         | 2 |  2.9

Action                     |  1- 3 |  4- 6 |  7- 9 | 10-12 | 13-15 || total
---------------------------+-------+-------+-------+-------+-------++-------
  Melee: Unarmed           |    19 |       |       |       |       ||    19
         Punch             |     2 |       |     5 |       |       ||     7
         Dagger            |    29 |       |     8 |    21 |       ||    58
         Long sword        |       |    14 |   106 |    54 |       ||   174
         Flail             |       |       |    33 |       |       ||    33
         Trident           |       |       |       |   126 |     1 ||   127
  Throw: Dart              |       |       |       |     7 |     1 ||     8
         Throwing net      |       |       |       |     1 |     2 ||     3
   Cast: Magic Dart        |    96 |    97 |    36 |    10 |       ||   239
         Searing Ray       |     4 |    12 |     6 |     3 |       ||    25
         Iskenderun's Myst |       |       |    71 |   270 |     4 ||   345
         Blink             |       |       |       |     1 |       ||     1
  Evoke: Wand              |       |       |     4 |    14 |     1 ||    19
    Use: Scroll            |       |       |     2 |    20 |     2 ||    24
         Potion            |       |       |     1 |       |     2 ||     3
   Stab: Sleeping          |       |       |     8 |    11 |       ||    19
         Distracted        |       |       |       |     2 |       ||     2
         Invisible         |       |       |       |     1 |       ||     1
 Armour: Robe              |    39 |     8 |   147 |   239 |     7 ||   440
         Leather armour    |       |    17 |       |    64 |       ||    81
  Dodge: Dodged            |    46 |    30 |   136 |   275 |     7 ||   494
  Block: Buckler           |       |       |       |   150 |     9 ||   159
         Reflection        |       |       |       |    12 |     1 ||    13
